 Dungeon Crawl Stone Soup version 0.26.1-11-gd32895ea62 (webtiles) character file.

Game seed: 14449890266359522316

366 Jerry the Chucker (level 6, -1/55 HPs)
             Began as a Troll Hunter on July 1, 2021.
             Slain by Prince Ribbit (14 damage)
             ... on level 5 of the Dungeon.
             The game lasted 00:06:14 (3313 turns).

Jerry the Chucker (Troll Hunter)                    Turns: 3313, Time: 00:06:16

Health: -1/55      AC:  6    Str: 27    XL:     6   Next: 40%
Magic:  5/5        EV: 10    Int:  9    God:
Gold:   84         SH:  0    Dex: 10    Spells: 5/5 levels left

rFire    . . .     SeeInvis .     - Unarmed
rCold    . . .     Faith    .   (no shield)
rNeg     . . .     Spirit   .   b - +0 robe
rPois    .         Reflect  .   (helmet restricted)
rElec    .         Harm     .   (no cloak)
rCorr    .         Rampage  .   (gloves unavailable)
Will     .....                  (boots unavailable)
Stlth    +++.......             (no amulet)
HPRegen  0.58/turn              f - ring of stealth
MPRegen  0.09/turn              i - +6 ring of strength

@: no status effects
A: large, unfitting armour, claws 3, regeneration 1, shaggy fur 1, tough skin 3
a: no special abilities


You were on level 5 of the Dungeon.
You visited 1 branch of the dungeon, and saw 5 of its levels.

You collected 344 gold pieces.
You spent 260 gold pieces at shops.

Inventory:

Missiles
 c - 4 large rocks (quivered)
 d - 2 throwing nets
Armour
 b - a +0 robe (worn)
Jewellery
 f - a ring of stealth (left claw)
 i - a +6 ring of strength (right claw)
 j - an uncursed ring of ice
 t - a cursed ring of attention {unknown}
Wands
 r - a wand of random effects (16)
 w - a wand of digging (6)
Scrolls
 e - 4 scrolls of remove curse {unknown}
 h - 2 scrolls of fear {unknown}
 k - 5 scrolls of identify {unknown}
 n - 4 scrolls of enchant weapon {unknown}
 p - a scroll of teleportation {unknown}
Potions
 a - 2 potions of flight {unknown}
 g - 4 potions of invisibility {unknown}
 l - 2 potions of haste
 m - 2 potions of degeneration {unknown}
 o - 3 potions of might
 q - 2 potions of lignification
 s - a potion of mutation {unknown}
 u - 2 potions of berserk rage {unknown}
 v - a potion of curing
 x - a potion of resistance {unknown}


   Skills:
 - Level 1.5 Fighting
 + Level 4.5 Throwing
 - Level 2.3 Dodging
 + Level 1.8 Stealth
 * Level 4.2 Unarmed Combat


You had 5 spell levels left.
You didn't know any spells.
Your spell library was empty.

Dungeon Overview and Level Annotations

Branches:
Dungeon (5/15)             Temple (0/1) D:5

Altars:
Ashenzari
Elyvilon
Vehumet

Shops:
D:5 !

Annotations:
D:5 Prince Ribbit


Innate Abilities, Weirdness & Mutations

You are too large for most types of armour.
You have claws for hands.
Your natural rate of healing is unusually fast.
You are covered in fur. (AC +1)
You have extremely tough skin. (AC +3)


Message History

You closely miss Prince Ribbit.
Prince Ribbit is moderately wounded.
Prince Ribbit hits you!
You scratch Prince Ribbit.
Prince Ribbit is moderately wounded.
Prince Ribbit hits you but does no damage.
You claw Prince Ribbit!
Prince Ribbit is heavily wounded.
Prince Ribbit hits you!
* * * LOW HITPOINT WARNING * * *
You claw Prince Ribbit!
Prince Ribbit is severely wounded.
Prince Ribbit closely misses you. The adder zombie barely misses you.
You closely miss Prince Ribbit.
Prince Ribbit is severely wounded.
Prince Ribbit mumbles some strange words.
Prince Ribbit looks slightly unstable.
The adder zombie bites you.
* * * LOW HITPOINT WARNING * * *
Prince Ribbit hits you!
You die...

...##.# . #####.# .#+#
#)# .... #.# #... #.#
#..# #.# #..##
#.########... #
#...........####.###
#..#######.F@Z.....# #..#
#..##...#..#
#####..#######.#..#.#....
...............#....#
.#.#
#####..#.#####..#....# ..
......#.# #..(..>.. ..
.........# #..##.Z..# .
#####.##.# #.#. #....
#............. #


You could see Prince Ribbit and an adder zombie.

Vanquished Creatures
  Blork the orc (D:5)
  A scorpion (D:4)
  A hound (D:5)
  A bullfrog skeleton (D:4)
  Ijyb (D:3)
  A howler monkey skeleton (D:4)
  An adder (D:3)
  4 gnolls (D:5)
  A shadow imp (D:5)
  A white imp (D:5)
  An ooze (D:3)
  3 worms (D:2)
  3 dart slugs (D:1)
  2 leopard geckos
  2 ball pythons
  10 bats
  6 giant cockroaches
  6 goblins
  8 hobgoblins
  7 jackals
  5 kobolds
  2 quokkas
  5 frilled lizards
  3 rats (D:2)
76 creatures vanquished.

Notes
Turn   | Place    | Note
-------+----------+-------------------------------------------
     0 | D:1      | Jerry the Troll Hunter began the quest for the Orb.
     0 | D:1      | Reached XP level 1. HP: 19/19 MP: 0/0
   126 | D:1      | Reached XP level 2. HP: 22/27 MP: 1/1
   131 | D:1      | Reached skill level 1 in Unarmed Combat
   215 | D:1      | Found a broken altar of Ashenzari.
   235 | D:1      | Reached XP level 3. HP: 33/33 MP: 2/2
   926 | D:2      | Reached skill level 1 in Stealth
  1457 | D:2      | Reached XP level 4. HP: 41/41 MP: 3/3
  1736 | D:3      | Found a radiant altar of Vehumet.
  1959 | D:3      | Noticed Ijyb
  1971 | D:3      | Killed Ijyb
  2340 | D:4      | Reached XP level 5. HP: 47/48 MP: 4/4
  2949 | D:5      | Entered Level 5 of the Dungeon
  3022 | D:5      | Found Siremeaj's Distillery.
  3057 | D:5      | Bought a potion of might for 52 gold pieces
  3057 | D:5      | Bought a potion of lignification for 39 gold pieces
  3057 | D:5      | Bought a potion of haste for 130 gold pieces
  3057 | D:5      | Bought a potion of curing for 39 gold pieces
  3060 | D:5      | Noticed Blork the orc
  3068 | D:5      | Noticed Prince Ribbit
  3069 | D:5      | Killed Blork the orc
  3070 | D:5      | Reached XP level 6. HP: 29/55 MP: 5/5
  3212 | D:5      | Found a white marble altar of Elyvilon.
  3300 | D:5      | Found a staircase to the Ecumenical Temple.
  3313 | D:5      | Slain by Prince Ribbit

Illustrated notes

Levels and vault maps discovered:
D:1:      dpeg_arrival_round_c, layout_basic, ebering_dispersal_statue_hall,
          ashenzari_altar_1
D:2:      layout_basic, chequers_serial_rivers_micro_c
D:3:      layout_loops_corners, old_standard_altar,
          chequers_serial_rivers_room_b, uniq_ijyb
D:4:      layout_loops_ring
D:5:      layout_loops_ring, elyvilon_altar_5, grunt_gozag_statues,
          grunt_temple_overflow_open, minmay_temple_entry_mini_moons,
          serial_shops, nicolae_shop_stone, shop_statue, kennysheep_mini_moat,
          shop, kennysheep_mini, uniq_prince_ribbit1, uniq_grinder,
          uniq_blork_the_orc

Skill      XL: |  1  2  3  4  5 |
---------------+----------------+-----
Unarmed Combat | 1 2 4 |  4.2
Dodging        | 2 |  2.3
Stealth        | 1 |  1.8
Throwing       | 4 |  4.5
Fighting       | |  1.5

Action                   |  1- 3 |  4- 6 || total
-------------------------+-------+-------++-------
Melee: Unarmed           |   160 |    99 ||   259
       Punch             |       |     2 ||     2
Throw: Large rock        |       |     1 ||     1
 Stab: Sleeping          |     4 |     5 ||     9
Armor: Robe              |    80 |    21 ||   101
Dodge: Dodged            |    92 |    31 ||   123
